 Dungeon Crawl Stone Soup version 0.18-a0-888-gdb73dea (webtiles) character file.

13253 deanyohobro the Cleaver (level 11, -5/99 HPs)
             Began as a Minotaur Fighter on Dec 20, 2015.
             Was a Priest of Okawaru.
             Slain by a cyan ugly thing (15 damage)
             ... on level 11 of the Dungeon on Dec 23, 2015.
             The game lasted 01:02:23 (11832 turns).

deanyohobro the Cleaver (Minotaur Fighter)         Turns: 11832, Time: 01:02:23

Health: -5/99      AC:  7    Str: 25    XL:     11   Next: 73%
Magic:  13/13      EV: 16    Int: 17    God:    Okawaru [***...]
Gold:   664        SH:  6    Dex: 13    Spells: 0 memorised, 15 levels left

rFire  . . .     SeeInvis .     B - +1 war axe (elec)
rCold  . . .     Gourm    .     P - +0 leather armour of the Lobster {rCorr Int+9}
rNeg   . . .     Faith    .     z - +0 buckler
rPois  .         Spirit   .     e - +2 hat {MR+}
rElec  .         Dismiss  .     w - +0 cloak
rCorr  +         Reflect  .     (no gloves)
SustAt .         Harm     .     (no boots)
MR     +++..                    (no amulet)
Stlth  +.........               b - +4 ring of dexterity
                                Z - ring of the Mage {Wiz MR++ Int+3}

@: about to teleport, extremely resistant to hostile enchantments, very
unstealthy
A: retaliatory headbutt, horns 2
a: Heroism, Renounce Religion


You were on level 11 of the Dungeon.
You worshipped Okawaru.
Okawaru was most pleased with you.
You were not hungry.

You visited 3 branches of the dungeon, and saw 14 of its levels.
You also visited: Ossuary.

You collected 664 gold pieces.

Inventory:

Hand Weapons
 B - a +1 war axe of electrocution (weapon)
 W - a +0 flail of protection
Missiles
 V - 6 steel javelins (quivered)
Armour
 c - a +0 shield
 e - a +2 hat of magic resistance (worn)
 t - a +2 ring mail of cold resistance
 w - a +0 cloak (worn)
 z - a +0 buckler (worn)
 P - the +0 leather armour of the Lobster (worn) {rCorr Int+9}
   (You found it on level 6 of the Dungeon)

   It affects your intelligence (+9).
   It protects you from acid and corrosion.
Magical Staves
 y - an uncursed staff of energy
Jewellery
 b - a +4 ring of dexterity (right hand)
 A - an uncursed ring of poison resistance
 C - an uncursed ring of protection from fire
 G - an uncursed ring of positive energy {unknown}
 K - an uncursed ring of protection from fire
 R - an uncursed ring of wizardry
 Z - the ring of the Mage (left hand) {Wiz MR++ Int+3}
   (You found it on level 9 of the Dungeon)

   [ring of wizardry]

   It improves your spell success rate.
   It affects your intelligence (+3).
   It affects your resistance to hostile enchantments.
Wands
 a - a wand of confusion (8/48)
 I - a wand of draining (5/15)
 J - a wand of magic darts (20/48)
 Q - a wand of heal wounds (0/9)
 S - a wand of fire (7/15)
 U - a wand of fire (8/15)
Scrolls
 k - 3 scrolls of enchant weapon
 m - 5 scrolls of enchant armour
 n - 7 scrolls of remove curse
 o - 4 scrolls of amnesia
 q - 2 scrolls of identify
 L - 3 scrolls of blinking
 M - a scroll of fear
 Y - 2 scrolls of holy word
Potions
 d - 2 potions of might
 i - 2 potions of cancellation {unknown}
 j - a potion of brilliance {unknown}
 l - a potion of resistance {unknown}
 p - 4 potions of haste
 r - 10 potions of curing
 s - a potion of magic {unknown}
 D - a potion of cure mutation
 E - 2 potions of agility
 O - 3 potions of flight
 X - a potion of heal wounds {unknown}
Books
 x - a book of Hinderance

   Spells                             Type                      Level
   a - Confusing Touch                Hexes                        2
   b - Confuse                        Hexes                        3
   c - Gell's Gravitas                Hexes/Translocation          3
   d - Petrify                        Transmutation/Earth          4
   e - Metabolic Englaciation         Hexes/Ice                    5
   f - Yara's Violent Unravelling     Hexes/Transmutation          5
 F - a book of Geomancy

   Spells                             Type                      Level
   a - Sandblast                      Earth                        1
   b - Stoneskin                      Transmutation/Earth          2
   c - Passwall                       Transmutation/Earth          3
   d - Stone Arrow                    Conjuration/Earth            3
   e - Petrify                        Transmutation/Earth          4
   f - Lee's Rapid Deconstruction     Earth                        5
 H - a Young Poisoner's Handbook

   Spells                             Type                      Level
   a - Sting                          Conjuration/Poison           1
   b - Cure Poison                    Poison                       2
   c - Mephitic Cloud                 Conjuration/Poison/Air       3
   d - Olgreb's Toxic Radiance        Poison                       4
   e - Venom Bolt                     Conjuration/Poison           5
 T - a book of Party Tricks

   Spells                             Type                      Level
   a - Summon Butterflies             Summoning                    1
   b - Apportation                    Translocation                1
   c - Tukima's Dance                 Hexes                        3
   d - Alistair's Intoxication        Transmutation/Poison         4
   e - Invisibility                   Hexes                        6
Comestibles
 f - 4 bread rations
 g - 10 beef jerkies
 h - 19 fruits
 u - 2 slices of pizza
 v - 5 meat rations


   Skills:
 * Level 9.8 Fighting
 + Level 12.0 Axes
 + Level 10.1 Armour
 + Level 8.9 Dodging
 + Level 10.0 Shields
 * Level 2.5 Spellcasting


You had 15 spell levels left.
You didn't know any spells.

Dungeon Overview and Level Annotations

Branches:
Dungeon (11/15)            Temple (1/1) D:5            Lair (2/8) D:10
    Orc: D:9-12

Altars:
Ashenzari
Cheibriados
Dithmenos
Elyvilon
Fedhas
Gozag
Kikubaaqudgha
Makhleb
Nemelex Xobeh
Okawaru
Pakellas
Sif Muna
Xom
The Shining One

Annotations:
D:8 exclusion: obsidian statue


Innate Abilities, Weirdness & Mutations

You reflexively headbutt those who attack you in melee.
You have a pair of horns on your head.


Message History

You hit the cyan ugly thing.
The cyan ugly thing is lightly wounded.
The cyan ugly thing tentacle-slaps you. The cyan ugly thing shocks you!
You hit the cyan ugly thing but do no damage.
You headbutt the cyan ugly thing, but do no damage.
The cyan ugly thing is lightly wounded.
The cyan ugly thing tentacle-slaps you. The cyan ugly thing shocks you!
You hit the cyan ugly thing but do no damage.
The cyan ugly thing is lightly wounded.
You block the cyan ugly thing's attack.
You slash the cyan ugly thing!
The cyan ugly thing is moderately wounded.
The cyan ugly thing tentacle-slaps you! The cyan ugly thing shocks you!
* * * LOW HITPOINT WARNING * * *
Read which item? (? for menu, Esc to quit)
As you read the scroll of teleportation, it crumbles to dust.
You feel strangely unstable. The cyan ugly thing tentacle-slaps you!
* * * LOW HITPOINT WARNING * * *
The cyan ugly thing shocks you!
You die...

..........#
..........#
..........#
########..#
##.## #..#
##.##
#####..#
#..u@..#
#......#
#........#
#.....#..#
#.....#.>5.
##.##.##.#.[
#. ... .####
#. ### ##


You could see a cyan ugly thing and a crimson imp.

Vanquished Creatures
  Gastronok (D:8)
  A hydra (Lair:1)
  Urug (D:10)
  2 hill giants (D:10)
  A cyclops (D:10)
  Joseph (D:8)
  A spiny frog (Lair:1)
  A komodo dragon (Lair:1)
  The ghost of conein the Magician, a novice DEWz (D:6)
  Sigmund (D:2)
  A hungry ghost (D:7)
  3 wyverns
  A steam dragon (D:10)
  2 wargs (D:10)
  Menkaure (D:6)
  Edmund (D:6)
  A water moccasin (D:9)
  Duvessa (D:7)
  A soldier ant (D:10)
  3 ice beasts
  3 sky beasts
  3 orc warriors
  3 black bears
  2 porcupines (Lair:1)
  A necrophage (D:10)
  A phantom (D:8)
  9 ogres
  2 crocodiles (Lair:1)
  9 centaurs
  3 big kobolds
  7 giant frogs
  Blork the orc (D:6)
  Dowan (D:7)
  A water moccasin skeleton (D:8)
  4 scorpions
  6 wights
  6 giant frog zombies
  4 bog bodies (Ossuary)
  4 crimson imps
  A quasit (D:9)
  4 jellies
  4 hounds
  An orc priest (D:10)
  2 centaur skeletons
  4 centaur zombies
  Terence (D:3)
  Jessica (D:3)
  12 orc wizards
  2 iguanas (D:4)
  3 worker ants
  2 killer bee zombies (Ossuary)
  3 hound zombies (Ossuary)
  2 hound skeletons
  11 mummies (Ossuary)
  3 worker ant zombies (Ossuary)
  2 shadow imps
  13 adders
  An ooze (D:2)
  4 worms
  5 adder zombies
  An adder skeleton (D:8)
  25 orcs
  4 giant cockroaches
  10 hobgoblins
  6 jackals
  19 kobolds
  A ball python (D:1)
  A ball python zombie (Ossuary)
  6 bats
  5 giant geckos
  2 giant gecko zombies (Ossuary)
  4 giant newts
  8 goblins
  2 jackal zombies (Ossuary)
  4 quokkas
  A quokka zombie (D:6)
  7 rats
283 creatures vanquished.

Notes
Turn   | Place    | Note
--------------------------------------------------------------
     0 | D:1      | deanyohobro the Minotaur Fighter began the quest for the Orb.
     0 | D:1      | Reached XP level 1. HP: 19/19 MP: 0/0
    38 | D:1      | Upgraded the game from 0.18-a0-846-g91b95b1 to 0.18-a0-867-gfd1cc8f
   243 | D:1      | Reached XP level 2. HP: 27/27 MP: 1/1
   607 | D:1      | Reached skill level 4 in Fighting
   741 | D:1      | Reached XP level 3. HP: 33/33 MP: 2/2
   884 | D:2      | Noticed Sigmund
   898 | D:2      | Killed Sigmund
   898 | D:2      | Reached XP level 4. HP: 27/41 MP: 3/3
   898 | D:2      | Reached XP level 5. HP: 30/47 MP: 4/4
  1551 | D:2      | Found a blossoming altar of Fedhas.
  1561 | D:2      | Found a shattered altar of Ashenzari.
  1569 | D:2      | Found a shimmering altar of Xom.
  1673 | D:2      | Found a sparkling altar of Nemelex Xobeh.
  1673 | D:2      | Found a deep blue altar of Sif Muna.
  1674 | D:2      | Found a white marble altar of Elyvilon.
  1805 | D:3      | Noticed Terence
  1813 | D:3      | Killed Terence
  2020 | D:3      | Reached skill level 5 in Fighting
  2020 | D:3      | Reached XP level 6. HP: 54/56 MP: 5/5
  2130 | D:3      | Noticed Jessica
  2135 | D:3      | Killed Jessica
  2135 | D:3      | Reached skill level 5 in Axes
  2180 | D:3      | Found a snail-covered altar of Cheibriados.
  2496 | D:4      | Found a shadowy altar of Dithmenos.
  2590 | D:4      | Found an oddly glowing altar of Pakellas.
  2898 | D:5      | Entered Level 5 of the Dungeon
  2967 | D:5      | Reached skill level 5 in Shields
  3071 | D:5      | Reached skill level 5 in Armour
  3071 | D:5      | Reached XP level 7. HP: 56/61 MP: 6/6
  3076 | D:5      | Reached skill level 6 in Axes
  3143 | D:5      | Found a sand-covered staircase.
  3152 | Ossuary  | Entered an ossuary
  3272 | Ossuary  | Reached skill level 7 in Axes
  3303 | Ossuary  | Reached XP level 8. HP: 68/68 MP: 7/7
  3681 | D:5      | Found Hiwnunne's Book Boutique.
  3804 | D:5      | Reached skill level 5 in Dodging
  3936 | D:5      | Reached skill level 8 in Axes
  4219 | D:5      | Found a staircase to the Ecumenical Temple.
  4413 | D:5      | Upgraded the game from 0.18-a0-867-gfd1cc8f to 0.18-a0-884-gb6cfd45
  4413 | D:5      | Upgraded the game from 0.18-a0-884-gb6cfd45 to 0.18-a0-888-gdb73dea
  4566 | D:6      | Noticed Edmund
  4572 | D:6      | Killed Edmund
  4572 | D:6      | Reached skill level 9 in Axes
  4572 | D:6      | Reached XP level 9. HP: 74/74 MP: 8/8
  4617 | D:6      | Noticed Blork the orc
  4629 | D:6      | Killed Blork the orc
  4947 | D:6      | Noticed conein's ghost (novice DEWz)
  4958 | D:6      | Killed conein's ghost
  5040 | D:6      | Noticed Menkaure
  5052 | D:6      | Killed Menkaure
  5363 | D:6      | Found an opulent altar of Gozag.
  5408 | D:6      | Reached skill level 10 in Axes
  5707 | D:6      | Got a transparent leather armour
  5709 | D:6      | Identified the cursed +0 leather armour of the Lobster {rCorr Int+9} (You found it on level 6 of the Dungeon)
  6312 | D:7      | Noticed Duvessa
  6312 | D:7      | Noticed Dowan
  6320 | D:7      | Killed Duvessa
  6322 | D:7      | Killed Dowan
  6765 | D:8      | Reached XP level 10. HP: 70/81 MP: 9/9
  6928 | D:8      | Noticed an obsidian statue
  7417 | D:8      | Noticed Joseph
  7436 | D:8      | Killed Joseph
  7436 | D:8      | Reached skill level 11 in Axes
  7567 | D:8      | Noticed Gastronok
  7588 | D:8      | Killed Gastronok
  8352 | Temple   | Entered the Ecumenical Temple
  8379 | Temple   | Became a worshipper of Warmaster Okawaru
  9498 | D:10     | Entered Level 10 of the Dungeon
  9498 | D:10     | Noticed a cyclops
  9508 | D:9      | Reached * piety under Okawaru
  9508 | D:9      | Reached XP level 11. HP: 91/94 MP: 10/10
  9763 | D:10     | Noticed a hill giant
  9766 | D:10     | Killed a hill giant
 10005 | D:10     | Reached ** piety under Okawaru
 10069 | D:10     | Reached skill level 1 in Spellcasting
 10155 | D:10     | Found a staircase to the Lair.
 10381 | D:10     | Noticed Urug
 10395 | D:10     | Killed Urug
 10670 | D:10     | Noticed a hill giant
 10676 | D:10     | Killed a hill giant
 10676 | D:10     | Reached *** piety under Okawaru
 11018 | Lair:1   | Entered Level 1 of the Lair of Beasts
 11023 | Lair:1   | Noticed a five-headed hydra
 11042 | Lair:1   | Killed a five-headed hydra
 11222 | Lair:1   | Reached skill level 10 in Armour
 11282 | Lair:1   | Reached skill level 10 in Shields
 11457 | Lair:1   | Reached skill level 12 in Axes
 11832 | D:11     | Slain by a cyan ugly thing

Vault maps used:
D:1:      dpeg_arrival_fog
D:2:      gammafunk_temple_overflow_claw, grunt_temple_overflow_diamond,
          uniq_sigmund
D:3:      overflow_temple_1_default, first_bread, dk_vineyard_3, uniq_jessica,
          uniq_terence
D:4:      overflow_temple_1_default, minmay_strange_pillars,
          nicolae_dithmenos_the_darkroom
D:5:      kennysheep_spiral_hall, temple_doors_e, serial_shops,
          nicolae_shop_behind_doors, nicolae_ossuary_entry_ruins
D:6:      nicolae_gozag_cash_rules_everything_around_me, uniq_blork_the_orc,
          uniq_menkaure, uniq_edmund
D:7:      grunt_ogre_cave, grunt_decor_arrowhead, uniq_duvessa
D:8:      minmay_separated_statues, uniq_gastronok, uniq_joseph
D:10:     erik_lair_orcish_takeover, grunt_ministairs_2, minivault_27, uniq_urug
D:11:     lemuel_blue_sif_altar
Temple:   circular_temple_12
Lair:1:   beast_lair_carwin_large_1, bh_autumn_forest_stairs
Lair:2:   uniq_fannar
Ossuary:  ossuary_zaba_flooded

Action                   |  1- 3 |  4- 6 |  7- 9 | 10-12 || total
-------------------------+-------+-------+-------+-------++-------
Melee: War axe           |    86 |   104 |   258 |   301 ||   749
       Flail             |       |       |       |    10 ||    10
Invok: Heroism           |       |       |       |     3 ||     3
Evoke: Wand              |       |     1 |     2 |    11 ||    14
  Use: Scroll            |       |     6 |    10 |     9 ||    25
       Potion            |       |       |     4 |     3 ||     7
 Stab: Distracted        |       |       |     1 |       ||     1
       Confused          |       |       |       |     1 ||     1
  Eat: Chunk             |       |     7 |     6 |     5 ||    18
       Bread ration      |       |       |     2 |     3 ||     5
       Fruit             |       |       |       |     2 ||     2
